 Dungeon Crawl Stone Soup version 0.31-a0-934-gf4fcaacff8 (webtiles) character file.

Game seed: 6304638617061255600

319 glosham the Thaumaturge (level 6, -1/33 HPs)
             Began as a Deep Elf Shapeshifter on Oct 20, 2023.
             Slain by Sigmund the hound (4 damage)
             ... on level 4 of the Dungeon.
             The game lasted 00:20:56 (829 turns).

glosham the Thaumaturge (Deep Elf Shapeshifter)      Turns: 829, Time: 00:20:58

Health: -1/33      AC:  3    Str: 11    XL:     6   Next: 21%
Magic:  19/19      EV: 12    Int: 17    God:
Gold:   63         SH:  0    Dex: 14    Spells: 21/21 levels left

rFire   . .          .
                       - Unarmed
rCold   . . .        (no shield)
rNeg    . . .        X - +0 leather armour
rPois   .            (helmet currently unavailable)
rElec   .            (cloak currently unavailable)
rCorr   .            (gloves currently unavailable)
SInv    .            (boots currently unavailable)
Will    .....        (no amulet)
Stlth   +            (no ring)
HPRegen 0.25/turn    (no ring)
MPRegen 0.16/turn

%: no passive effects
@: beast-form
A: beast (slay +1)
a: Begin Untransformation


You were on level 4 of the Dungeon.
You were a hulking beast.
You visited 1 branch of the dungeon, and saw 4 of its levels.

You collected 63 gold pieces.

Inventory:

Hand Weapons
 b - a +0 trident
 i - a +0 flail
Missiles
 j - 6 boomerangs (quivered)
Armour
 a - a +0 animal skin
 h - the +1 robe of the Three of Wands {+Blink rC+++ Str-4 Dex-2}
   (You found it on level 3 of the Dungeon)

   Str-4:     It affects your strength (-4).
   Dex-2:     It affects your dexterity (-2).
   rC+++:     It renders you almost immune to cold.
   +Blink:    It lets you blink.
 X - a +0 leather armour (worn)
Talismans
 c - a beast talisman (active)
 d - a flux talisman
Wands
 e - a wand of polymorph (4)


   Skills:
 - Level 0.7 Fighting
 - Level 2.4 Dodging
 - Level 2.4 Unarmed Combat
 * Level 8.2 Spellcasting
 - Level 3.2 Shapeshifting


You had 21 spell levels left.
You didn't know any spells.
Your spell library contained the following spells:

 Spells                   Type           Power      Damage    Failure   Level
 Gell's Gravitas          Tloc           7%         N/A       38%         3
 Teleport Other           Tloc           7%         N/A       38%         3
 Volatile Blastmotes      Fire/Tloc      14%        2d11      38%         3
 Fulminant Prism          Conj/Hex       3%         3d5       80%         4
 Iskenderun's Mystic Bla  Conj/Tloc      7%         2d4       80%         4
 Dispersal                Tloc           3%         N/A       100%        6


Dungeon Overview and Level Annotations

Branches:
Dungeon (4/15)
 Temple: D:4-7

Altars:
Qazlal

Annotations:
D:3 2 runed translucent doors
D:4 Sigmund


Message History

Sigmund closely misses you. The hobgoblin completely misses you.
You climb downwards.
There is a stone staircase leading up here.
Sigmund bites you. The gnoll attacks as it pursues you!
The gnoll closely misses you. Sigmund barely misses you.
The hobgoblin misses you. The hobgoblin misses you.
Sigmund attacks as it pursues you! Sigmund misses you. Sigmund bites you.
The gnoll attacks as it pursues you! The gnoll barely misses you.
Sigmund barely misses you. Sigmund bites you. The hobgoblin barely misses you.
There is an open door, spattered with blood here.
You see here a +0 giant spiked club.
The gnoll attacks as it pursues you! The gnoll barely misses you.
Sigmund stops to sniff the ground.
You hit the gnoll.
The gnoll is moderately wounded.
The gnoll closely misses you.
You closely miss the gnoll.
The gnoll is moderately wounded.
The gnoll hits you with a +0 club.
You hit the gnoll.
The gnoll is heavily wounded.
The gnoll hits you with a +0 club.
* * * LOW HITPOINT WARNING * * *
You hit the gnoll.
The gnoll is almost dead.
The gnoll hits you with a +0 club.
* * * LOW HITPOINT WARNING * * *
You feel better. The gnoll hits you with a +0 club.
* * * LOW HITPOINT WARNING * * *
You hit the gnoll.
You kill the gnoll!
Sigmund closely misses you.
It was a potion of magic.
Magic courses through your body. Sigmund bites you.
* * * LOW HITPOINT WARNING * * *
You aren't carrying any scrolls.
Unknown command.
You miss Sigmund. Sigmund bites you.
You die...

#...# ##..
##♣.>.♣##
#..#
###.......#
##..#
#.#.<.♣.<.#
#...#
##.#.......#
#....
##..##♣...♣##
##... #..##
#...# ###.
#..## ##h###
## ##..##
#.h.#
##..####..#
###.####.#
##.###.##
#..##..####.
##...........
###........##
##.....######
## #......#
#.


You could see Sigmund the hound.

Vanquished Creatures
  2 ogres (D:4)
  An orc priest (D:4)
  Jessica (D:3)
  Ijyb (D:3)
  A hound zombie (D:4)
  A mummy (D:4)
  A gnoll (D:4)
  A river rat (D:3)
  An adder zombie (D:4)
  A dart slug (D:2)
  4 orcs
  A goblin (D:2)
  A hobgoblin (D:2)
  5 kobolds
  A quokka (D:4)
  A bat (D:2)
  2 frilled lizards (D:2)
  3 rats
29 creatures vanquished.

Vanquished Creatures (others)
  A rat (D:2)
1 creature vanquished.

Grand Total: 30 creatures vanquished

Notes
Turn   | Place    | Note
-------+----------+-------------------------------------------
     0 | D:1      | glosham the Deep Elf Shapeshifter began the quest for the
                  | Orb.
     0 | D:1      | Reached XP level 1. HP: 11/11 MP: 3/3
    43 | D:2      | Reached skill level 1 in Spellcasting
    96 | D:3      | Reached skill level 2 in Spellcasting
   173 | D:3      | Reached XP level 2. HP: 16/16 MP: 7/7
   245 | D:3      | Found a large runed translucent door.
   250 | D:3      | Found a large runed translucent door.
   283 | D:3      | Noticed Ijyb
   300 | D:3      | Killed Ijyb
   301 | D:3      | Reached skill level 4 in Spellcasting
   301 | D:3      | Reached XP level 3. HP: 20/20 MP: 7/10
   321 | D:3      | Identified the +1 robe of the Three of Wands {+Blink rC+++
                  | Str-4 Dex-2}
   368 | D:3      | Noticed Jessica
   373 | D:3      | Killed Jessica
   374 | D:3      | Reached skill level 5 in Spellcasting
   374 | D:3      | Reached XP level 4. HP: 21/24 MP: 11/13
   475 | D:4      | Reached skill level 6 in Spellcasting
   515 | D:4      | Reached XP level 5. HP: 21/28 MP: 15/15
   628 | D:4      | Noticed an ogre
   634 | D:4      | Killed an ogre
   635 | D:4      | Reached skill level 7 in Spellcasting
   723 | D:4      | Noticed an ogre
   740 | D:4      | Killed an ogre
   741 | D:4      | Reached skill level 8 in Spellcasting
   741 | D:4      | Reached XP level 6. HP: 32/33 MP: 17/19
   791 | D:3      | Found a stormy altar of Qazlal.
   792 | D:3      | Noticed an air elemental
   792 | D:3      | Noticed a fire elemental
   792 | D:3      | Noticed a water elemental
   809 | D:3      | Noticed Sigmund
   811 | D:3      | Sigmund changed into Sigmund the hound
   811 | D:3      | Noticed Sigmund
   825 | D:4      | HP: 1/33 [gnoll/+0 club (5)]
   829 | D:4      | Slain by Sigmund the hound

Illustrated notes

Levels and vault maps discovered:
D:1:      minmay_arrival_jagged, layout_loops_ring,
          chequers_ecumenical_altar_island, minmay_heptomino_o4
D:2:      minmay_evil_eye, layout_basic, serial_glass, glass_columns_a,
          glass_columns_b
D:3:      layout_rooms, nicolae_qazlal_style_of_elements, jmf_multi_god_temple2,
          minmay_misc_feat_tiny, serial_bayou_lagoon_b, uniq_crazy_yiuf_cottage,
          uniq_sigmund, uniq_jessica, uniq_ijyb
D:4:      minmay_wonky_spiral, layout_layer_cave,
          lemuel_mausoleum_altar_yredelemnul, grunt_ministairs_7, uniq_robin

Skill      XL: |  1  2  3  4  5 |
---------------+----------------+-----
Spellcasting   | 2 4 5 6 8 |  8.2
Fighting       | |  0.7
Dodging        | |  2.4
Unarmed Combat | |  2.4
Shapeshifting  | |  3.2

Action                     |  1- 3 |  4- 6 || total
---------------------------+-------+-------++-------
  Melee: Unarmed           |    58 |    76 ||   134
         Punch             |       |     4 ||     4
  Throw: Dart              |     6 |     3 ||     9
         Boomerang         |       |     4 ||     4
  Evoke: Wand              |     1 |     2 ||     3
    Use: Scroll            |     1 |     1 ||     2
         Potion            |       |     3 ||     3
   Stab: Sleeping          |     1 |       ||     1
 Armour: Leather armour    |    17 |    34 ||    51
         Skin              |     4 |    11 ||    15
  Dodge: Dodged            |    25 |    42 ||    67

Table legend: (Time is in decaauts)
 A = Elapsed time spent in this place.
 B = Non-inter-level travel time spent in this place.
 C = Inter-level travel time spent in this place.
 D = Time resting spent in this place.
 E = Time spent auto-exploring this place.
 F = Levels seen in this place.
 G = Mean time per level.
                   A        B        C        D        E       F      G
               +--------+--------+--------+--------+--------+-----+--------+
         Total |    824 |    824 |      0 |     45 |      0 |   4 |  206.0 |
       Dungeon |    824 |    824 |      0 |     45 |      0 |   4 |  206.0 |
               +--------+--------+--------+--------+--------+-----+--------+

Top non-repeatable levels by time:
     D:4: 420 daAuts
     D:3: 245 daAuts
     D:2: 132 daAuts
     D:1: 26 daAuts

Table legend: (Time is in decaauts)
 A = Elapsed time spent in this place.
 B = Non-inter-level travel time spent in this place.
 C = Inter-level travel time spent in this place.
 D = Time resting spent in this place.
 E = Time spent auto-exploring this place.
 F = Levels seen in this place.
 G = Mean time per level.
                   A        B        C        D        E       F      G
               +--------+--------+--------+--------+--------+-----+--------+
         Total |    824 |    824 |      0 |     45 |      0 |   4 |  206.0 |
       Dungeon |    824 |    824 |      0 |     45 |      0 |   4 |  206.0 |
               +--------+--------+--------+--------+--------+-----+--------+

Top non-repeatable levels by time:
     D:4: 420 daAuts
     D:3: 245 daAuts
     D:2: 132 daAuts
     D:1: 26 daAuts

Table legend:
 A = Kills in this place as a percentage of kills in the entire game.
 B = Kills by you in this place as a percentage of kills by you in the entire game.
 C = Kills by friends in this place as a percentage of kills by friends in the entire game.
 D = Other kills in this place as a percentage of other kills in the entire game.
 E = Experience gained in this place as a percentage of experience gained in the entire game.
 F = Experience gained in this place divided by the number of levels of this place that you have seen.
                   A       B       C       D       E      F
               +-------+-------+-------+-------+-------+----------------------
         Total | 100.0 | 100.0 |   N/A |   N/A | 100.0 | 114.2
       Dungeon | 100.0 | 100.0 |   N/A |   N/A | 100.0 | 114.2
               +-------+-------+-------+-------+-------+----------------------

Levels and vault maps discovered:
D:1:      minmay_arrival_jagged, layout_loops_ring,
          chequers_ecumenical_altar_island, minmay_heptomino_o4
D:2:      minmay_evil_eye, layout_basic, serial_glass, glass_columns_a,
          glass_columns_b
D:3:      layout_rooms, nicolae_qazlal_style_of_elements, jmf_multi_god_temple2,
          minmay_misc_feat_tiny, serial_bayou_lagoon_b, uniq_crazy_yiuf_cottage,
          uniq_sigmund, uniq_jessica, uniq_ijyb
D:4:      minmay_wonky_spiral, layout_layer_cave,
          lemuel_mausoleum_altar_yredelemnul, grunt_ministairs_7, uniq_robin
